 Dungeon Crawl Stone Soup version 0.21.1-1-g345015f (webtiles) character file.

2229 sanboga the Cleaver (level 9, -23/85 HPs)
             Began as a Gargoyle Berserker on Mar 16, 2018.
             Was a High Priest of Trog.
             Annihilated by a white ugly thing (46 damage)
             ... on level 6 of the Dungeon.
             The game lasted 00:16:23 (4783 turns).

sanboga the Cleaver (Gargoyle Berserker)            Turns: 4783, Time: 00:16:24

Health: -23/85     AC: 21    Str: 29    XL:     9   Next: 36%
Magic:  9/9        EV:  9    Int:  8    God:    Trog [*****.]
Gold:   41         SH:  0    Dex: 14    Spells: 8/8 levels left

rFire    + . .     SeeInvis .   f - +3 battleaxe
rCold    x . .     Gourm    .   (shield currently unavailable)
rNeg     + + .     Faith    .   n - +1 chain mail {rN+}
rPois    ∞         Spirit   .   g - +2 helmet
rElec    +         Reflect  .   d - scarf {cloud immunity}
rCorr    .         Harm     .   (no gloves)
MR       .....                  (no boots)
Stlth    ..........             (no amulet)
HPRegen  0.24/turn              t - +5 ring of dexterity
MPRegen  0.11/turn              e - ring of fire

@: berserking, very quick
A: negative energy resistance 1, electricity resistance, unbreathing,
petrification resistance, rot immunity, AC +6
a: Berserk, Trog's Hand, Brothers in Arms, Burn Spellbooks, Renounce Religion


You were on level 6 of the Dungeon.
You worshipped Trog.
Trog was extremely pleased with you.
You were very hungry.

You visited 1 branch of the dungeon, and saw 6 of its levels.

You collected 253 gold pieces.
You spent 212 gold pieces at shops.

Inventory:

Hand Weapons
 f - a +3 battleaxe (weapon)
Armour
 d - a scarf of cloud immunity (worn)
 g - a +2 helmet (worn)
 n - a +1 chain mail of positive energy (worn)
Jewellery
 e - a ring of fire (right hand)
 t - a +5 ring of dexterity (left hand)
Wands
 p - a wand of random effects (26)
 r - a wand of flame (29)
Scrolls
 a - a scroll of identify
 m - 2 scrolls of magic mapping
 q - a scroll of teleportation
Potions
 b - a potion of ambrosia
 h - 2 potions of mutation
 i - a potion of curing
 j - a potion of heal wounds
 l - a potion of might
 s - a potion of cancellation {unknown}
Comestibles
 c - 12 rations
 o - a chunk of flesh


   Skills:
 + Level 7.4 Fighting
 * Level 8.4 Axes
 + Level 7.0 Armour
 - Level 1.5 Dodging


You had 8 spell levels left.
You didn't know any spells.

Dungeon Overview and Level Annotations

Branches:
Dungeon (6/15)             Temple (0/1) D:6

Altars:
Elyvilon
Hepliaklqana
Ru
Trog
Xom
The Shining One

Shops:
D:4 *:   D:6 *!?!


Innate Abilities, Weirdness & Mutations

You are resistant to torment.
Your stone body is resilient. (AC +6)
You are immune to poison.
You resist negative energy. (rN+)
You are resistant to electric shocks. (rElec)
You can survive without breathing.
You are immune to petrification.
You are immune to rotting.


Message History

The white ugly thing is moderately wounded.
The white ugly thing claws you but does no damage.
You slash the white ugly thing!
The white ugly thing is moderately wounded.
The white ugly thing claws you but does no damage.
The white ugly thing claws you! The white ugly thing freezes you!!
You feel a terrible chill!
Ouch! That really hurt!
You are too injured to fight recklessly!
A red film seems to cover your vision as you go berserk!
You feel yourself moving faster!
You feel mighty!
You are feeling very hungry.
The white ugly thing claws you but does no damage.
You slash the white ugly thing!
The white ugly thing is heavily wounded.
The white ugly thing claws you.
* * * LOW HITPOINT WARNING * * *
The white ugly thing freezes you!!!
You feel a terrible chill!
Ouch! That really hurt!
You die...

#..# #.........#
#..# #########.#
#..# #.# #..#
######.###########
#######∩.#
#............>)...
....##...##
#.######..........
#.#.#....)######)#
##########.
#.............)..#
##.
###.......#####.@#
########.#
.....#.......##.u#
#.......##
####.#######.##..#
#.######.# ####.#
#.##.## #..
.....#######.....
#..
####..........#.##
##= #.#######.##..
#(
####...<.>....#.#
#.
..............#.##
8## #.


You could see a white ugly thing.

Vanquished Creatures
  Sigmund (D:5)
  Eustachio (D:5)
  A water moccasin (D:6)
  Duvessa (D:4)
  A sky beast (D:5)
  An orc warrior (D:5)
  2 ogres
  Dowan (D:4)
  8 wights (D:6)
  A howler monkey (D:6)
  A crimson imp (D:6)
  A hound (D:5)
  4 orc wizards
  A bullfrog zombie (D:5)
  A centaur skeleton (D:6)
  2 orc priests
  Jessica (D:2)
  3 iguanas
  Natasha (thrice) (D:4)
  7 worker ants
  Robin (D:2)
  4 gnolls (D:3)
  11 adders
  A shadow imp (D:5)
  An ooze (D:4)
  An adder skeleton (D:5)
  3 worms
  4 dart slugs
  3 leopard geckos
  17 orcs
  7 bats
  3 giant cockroaches
  19 goblins
  9 hobgoblins
  15 jackals
  9 kobolds
  A quokka (D:2)
  10 frilled lizards
  3 rats
164 creatures vanquished.

Notes
Turn   | Place    | Note
-------+----------+-------------------------------------------
     0 | D:1      | sanboga the Gargoyle Berserker began the quest for the Orb.
     0 | D:1      | Reached XP level 1. HP: 14/14 MP: 1/1
    76 | D:1      | Reached XP level 2. HP: 19/19 MP: 2/2
    80 | D:1      | Reached skill level 3 in Axes
   183 | D:1      | Reached XP level 3. HP: 17/23 MP: 3/3
   219 | D:1      | Reached ** piety under Trog
   619 | D:2      | Found a bloodstained altar of Trog.
   625 | D:2      | Found a white marble altar of Elyvilon.
   635 | D:2      | Found a glowing golden altar of the Shining One.
   640 | D:2      | Found a sacrificial altar of Ru.
   767 | D:2      | Noticed Robin
   777 | D:2      | Reached XP level 4. HP: 22/29 MP: 4/4
   780 | D:2      | Killed Robin
   923 | D:2      | Noticed Jessica
   942 | D:2      | Killed Jessica
   942 | D:2      | Reached skill level 4 in Axes
  1000 | D:2      | Reached XP level 5. HP: 33/33 MP: 5/5
  1337 | D:2      | Reached *** piety under Trog
  1744 | D:3      | Reached XP level 6. HP: 30/39 MP: 6/6
  2234 | D:3      | Reached skill level 5 in Axes
  2449 | D:4      | Noticed Natasha
  2465 | D:4      | Killed Natasha
  2550 | D:4      | Reached **** piety under Trog
  2550 | D:4      | Reached skill level 5 in Fighting
  2550 | D:4      | Reached XP level 7. HP: 36/44 MP: 7/7
  2652 | D:4      | Received a gift from Trog
  2743 | D:4      | Noticed Natasha
  2746 | D:4      | Killed Natasha
  2752 | D:4      | Found Ojipel Ysso's Assorted Antiques.
  2761 | D:4      | Bought a scroll labeled IXKATE VASCHOAH for 20 gold pieces
  2852 | D:4      | Noticed Natasha
  2862 | D:4      | Killed Natasha
  3201 | D:4      | Found Nedamum's Book Shop.
  3359 | D:4      | Reached skill level 6 in Axes
  3359 | D:4      | Reached skill level 5 in Armour
  3370 | D:4      | Noticed Dowan
  3371 | D:4      | Noticed Duvessa
  3379 | D:4      | Killed Dowan
  3391 | D:4      | Killed Duvessa
  3391 | D:4      | Reached XP level 8. HP: 37/51 MP: 8/8
  3555 | D:5      | Entered Level 5 of the Dungeon
  3575 | D:5      | Found a shimmering altar of Xom.
  3580 | D:5      | Found a hazy altar of Hepliaklqana.
  3581 | D:5      | Noticed a spectral ugly thing
  3737 | D:5      | Reached skill level 7 in Axes
  4183 | D:5      | Noticed Sigmund
  4194 | D:5      | Killed Sigmund
  4259 | D:6      | Noticed Eustachio
  4308 | D:5      | Killed Eustachio
  4308 | D:5      | Reached XP level 9. HP: 55/56 MP: 9/9
  4463 | D:6      | Found Lixt's Assorted Antiques.
  4493 | D:6      | Reached skill level 8 in Axes
  4499 | D:6      | Reached ***** piety under Trog
  4583 | D:6      | Found Quydari's Distillery.
  4587 | D:6      | Bought 2 potions of mutation for 192 gold pieces
  4606 | D:6      | Found a staircase to the Ecumenical Temple.
  4613 | D:6      | Found Caseet's Magic Scroll Shop.
  4613 | D:6      | Found Ysmisi's Distillery.
  4777 | D:6      | Noticed a white ugly thing
  4783 | D:6      | Annihilated by a white ugly thing

Skill      XL: |  1  2  3  4  5  6  7  8  9 |
---------------+----------------------------+-----
Axes           | 3 4 5 6 7 8 |  8.4
Armour         | 3 4 5 6 7 |  7.0
Fighting       | 4 5 6 7 |  7.4
Dodging        | |  1.5

Action                   |  1- 3 |  4- 6 |  7- 9 || total
-------------------------+-------+-------+-------++-------
Melee: Hand axe          |   104 |   122 |       ||   226
       War axe           |       |   118 |   218 ||   336
       Battleaxe         |       |       |    40 ||    40
Invok: Berserk           |     1 |     1 |     4 ||     6
Evoke: Wand              |       |       |     4 ||     4
  Use: Scroll            |     5 |     3 |     4 ||    12
       Potion            |       |       |     5 ||     5
 Stab: Confused          |       |       |     1 ||     1
  Eat: Chunk             |       |     7 |    11 ||    18
Armor: Animal skin       |    32 |       |       ||    32
       Ring mail         |    11 |    55 |       ||    66
       Scale mail        |       |    51 |       ||    51
       Chain mail        |       |    50 |   184 ||   234
Dodge: Dodged            |    88 |   153 |    99 ||   340
